 Dungeon Crawl Stone Soup version 0.24.0-13-gcf9b3192b9 (webtiles) character file.

Game seed: 15365986135147666202, levelgen mode: deterministic

25956 Edwards80 the Fencer (level 12, -4/108 HPs)
             Began as a Minotaur Fighter on Nov 9, 2019.
             Was a High Priest of Makhleb.
             Slain by Rupert
             ... wielding a +7 great mace of protection
              (20 damage)
             ... on level 5 of the Lair of Beasts.
             The game lasted 00:47:43 (12467 turns).

Edwards80 the Fencer (Minotaur Fighter)            Turns: 12467, Time: 00:47:44

Health: -4/108     AC: 17    Str: 24    XL:     12   Next: 94%
Magic:  0/11       EV:  9    Int:  2    God:    Makhleb [*****.]
Gold:   466        SH:  0    Dex: 16    Spells: 11/11 levels left

rFire    + . .     SeeInvis .   a - +5 great sword of the Sage {freeze, MR+}
rCold    + + .     Gourm    .   (shield currently unavailable)
rNeg     . . .     Faith    .   m - +5 scale mail {rC+}
rPois    .         Spirit   +   e - +2 hat
rElec    .         Reflect  .   t - +0 cloak
rCorr    .         Harm     .   B - +0 pair of gloves
MR       +....                  j - +0 pair of boots
Stlth    ..........             A - amulet of guardian spirit
HPRegen  0.28/turn              R - ring of Veteash {+Fly rF+ rC+ Int-3 Dex+4}
MPRegen  0.12/turn              E - +1 ring of slaying

@: no status effects
A: retaliatory headbutt, horns 2
a: Minor Destruction, Lesser Servant of Makhleb, Major Destruction, Greater
Servant of Makhleb, Renounce Religion, Evoke Flight


You were on level 5 of the Lair of Beasts.
You worshipped Makhleb.
Makhleb was extremely pleased with you.
You were not hungry.

You visited 3 branches of the dungeon, and saw 15 of its levels.

You collected 544 gold pieces.
You spent 78 gold pieces at shops.

Inventory:

Hand Weapons
 a - the +5 great sword of the Sage (weapon) {freeze, MR+}
   (You found it on level 5 of the Dungeon)

   It has been specially enchanted to freeze those struck by it, causing extra
   injury to most foes and up to half again as much damage against particularly
   susceptible opponents.
   It can also slow down cold-blooded creatures.
   It affects your resistance to hostile enchantments.
 b - a +1 flail of protection
 K - a +1 mace of protection
 U - a +0 great sword
Missiles
 q - 10 boomerangs (quivered)
Armour
 c - a +0 shield
 e - a +2 hat (worn)
 j - a +0 pair of boots (worn)
 m - a +5 scale mail of cold resistance (worn)
 t - a +0 cloak (worn)
 B - a +0 pair of gloves (worn)
Jewellery
 g - an uncursed ring of fire
 i - an uncursed ring of positive energy
 A - an amulet of guardian spirit (around neck)
 E - a +1 ring of slaying (right hand)
 F - an uncursed ring of protection from magic
 I - an uncursed ring of magical power
 J - an uncursed ring of positive energy
 L - an uncursed ring of magical power
 P - an uncursed ring of ice
 R - the ring of Veteash (left hand) {+Fly rF+ rC+ Int-3 Dex+4}
   (You found it on level 2 of the Lair of Beasts)

   [ring of protection from fire]

   It affects your intelligence (-3).
   It affects your dexterity (+4).
   It protects you from fire.
   It protects you from cold.
   It lets you fly.
Wands
 o - a wand of random effects (48)
 G - a wand of flame (27)
 S - a wand of acid (10)
Scrolls
 h - 2 scrolls of vulnerability {unknown}
 l - 2 scrolls of magic mapping
 p - 2 scrolls of immolation
 x - a scroll of silence {unknown}
 y - a scroll of enchant weapon {unknown}
 C - a scroll of fog
 N - a scroll of amnesia {unknown}
 O - a scroll of noise {unknown}
 Q - 2 scrolls of teleportation
 T - a scroll of holy word {unknown}
Potions
 k - 2 potions of magic {unknown}
 r - 2 potions of mutation {unknown}
 s - a potion of lignification {unknown}
 u - 2 potions of curing
 v - 3 potions of haste
 w - a potion of resistance {unknown}
 z - 3 potions of berserk rage {unknown}
 D - 3 potions of heal wounds
 H - 2 potions of brilliance {unknown}
 M - a potion of flight {unknown}
Comestibles
 d - 6 chunks of flesh
 f - 14 rations


   Skills:
 + Level 10.6 Fighting
 * Level 18.6 Long Blades
 - Level 13.2 Maces & Flails
 - Level 3.6 Armour
 - Level 3.6 Shields


You had 11 spell levels left.
You didn't know any spells.
Your spell library contained the following spells:

 Spells                   Type           Power        Failure   Level  Hunger
 Apportation              Tloc           #.....       83%         1    ##.....
 Confusing Touch          Hex            #.....       83%         1    ##.....
 Freeze                   Ice            #...         83%         1    ##.....
 Summon Butterflies       Summ           #.......     83%         1    ##.....
 Throw Frost              Conj/Ice       #.....       93%         2    ###....
 Confuse                  Hex            #.......     99%         3    ####...
 Gell's Gravitas          Tloc           #.........   99%         3    ####...
 Lesser Beckoning         Tloc           #.........   99%         3    ####...
 Ozocubu's Armour         Chrm/Ice       #.......     99%         3    ####...
 Tukima's Dance           Hex            #.......     99%         3    ####...
 Petrify                  Tmut/Erth      #.......     100%        4    #####..
 Summon Ice Beast         Ice/Summ       #.......     100%        4    #####..
 Throw Icicle             Conj/Ice       #.......     100%        4    #####..
 Alistair's Intoxication  Tmut/Pois      #.......     100%        5    ######.
 Metabolic Englaciation   Hex/Ice        #.........   100%        5    ######.
 Yara's Violent Unravell  Hex/Tmut       #.........   100%        5    ######.
 Invisibility             Hex            #.......     100%        6    #######


Dungeon Overview and Level Annotations

Branches:
Dungeon (8/15)             Temple (1/1) D:4            Lair (6/6) D:8
  Swamp (0/4) Lair:4        Snake (0/4) Lair:4
  Slime: Lair:5-6

Altars:
Ashenzari
Dithmenos
Elyvilon
Fedhas
Gozag
Hepliaklqana
Kikubaaqudgha
Makhleb
Nemelex Xobeh
Okawaru
Qazlal
Ru
Sif Muna
Trog
Uskayaw
Vehumet
Wu Jian
Xom
Yredelemnul
Zin
The Shining One
Beogh

Shops:
D:4 =

Annotations:
Lair:5 1 runed translucent door, Adireryl's ghost, journeyman HOFi; Rupert


Innate Abilities, Weirdness & Mutations

You reflexively headbutt those who attack you in melee.
You have a pair of horns on your head.


Message History

Rupert is lightly wounded.
Rupert barely misses you. You furiously retaliate!
You headbutt Rupert! You barely miss Rupert.
Rupert is moderately wounded.
Rupert hits you with a +7 great mace of protection!!!
You hit Rupert but do no damage. You headbutt Rupert.
Rupert is moderately wounded.
Rupert completely misses you. You furiously retaliate!
You headbutt Rupert. You slice Rupert!! You freeze Rupert.
You headbutt Rupert, but do no damage.
Rupert is heavily wounded.
Rupert hits you with a +7 great mace of protection!
You closely miss Rupert.
Rupert is heavily wounded.
Rupert hits you with a +7 great mace of protection!!
You slash Rupert! You freeze Rupert.
Rupert is heavily wounded.
Rupert hits you with a +7 great mace of protection!!
* * * LOW HITPOINT WARNING * * *
Rupert hits you with a +7 great mace of protection!!
You die...

### *,***,, #.####**,,,*,,
###..?..,,,,*,,, *** ###
##...##,*,,,,,,,, ****,*
#.###..P..###,*,,**,, ***,,,,*##*
#...........#**,,,*,,
,,,,.,**#.###.........#..#,,,,*,,
,,,,*.###...##........?.....,,,,,
,,,,,#..........@@......#...,,,,,
*,,,,,*#......#......##.#*,,,,,,,
,,,,,**##P...##...##......,**,*,*
*,,,** #........#.#........,,****
**,,,* #P...#..##....###.#.,,,,*,
**,** #....#.##....##..,**,,,,*,
**,,** ##..†###..##.....,,,,**,,.
*,,,,* #....##......⌠..,⌠,,,,,,.
*,,,.** #P.^#.+..#.....>,,,,,*,,+


You could see Rupert (berserk).

Vanquished Creatures
  A hydra (Lair:5)
  A catoblepas (Lair:2)
  A two-headed ogre (D:8)
  18 elephants
  4 spiny frogs
  5 black mambas
  A rime drake (Lair:2)
  2 komodo dragons
  A bog body (Lair:4)
  9 blink frogs
  5 hippogriffs
  5 dream sheep (Lair:5)
  2 wyverns
  A basilisk (Lair:3)
  18 yaks
  Grum (D:7)
  2 swamp worms (Lair:4)
  Menkaure (D:5)
  Edmund (D:6)
  10 water moccasins
  7 porcupines
  Duvessa (D:5)
  The ghost of Edwards80 the Covert, an amateur SpAs of Dithmenos (D:5)
  An ice beast (D:5)
  A sky beast (D:7)
  2 orc warriors (D:5)
  A phantom (D:7)
  An ogre (D:5)
  11 wolves
  3 centaurs
  5 crocodiles
  8 bullfrogs
  A gnoll sergeant (D:7)
  Dowan (D:5)
  5 scorpions
  10 killer bees
  A howler monkey (D:4)
  5 crimson imps
  Crazy Yiuf (D:3)
  2 hounds
  A jelly (D:7)
  8 orc wizards
  2 bullfrog skeletons
  8 orc priests
  2 gnoll shamans
  An iguana (D:4)
  Terence (D:2)
  Natasha (twice) (D:2)
  5 worker ants
  2 bullfrog simulacra (D:5)
  A centaur simulacrum (D:5)
  A hound zombie (D:6)
  A worker ant zombie (D:6)
  A howler monkey zombie (D:6)
  18 gnolls
  15 adders
  A shadow imp (D:7)
  A howler monkey simulacrum (D:5)
  A white imp (D:5)
  2 oozes
  2 worms
  2 dart slugs
  5 leopard geckos
  56 orcs
  4 ball pythons
  6 giant cockroaches
  9 goblins
  10 hobgoblins
  14 jackals
  3 quokkas
  4 bats
  7 frilled lizards
  2 giant cockroach zombies (D:6)
  7 kobolds
  A leopard gecko simulacrum (D:5)
  A leopard gecko skeleton (D:4)
  4 rats
  3 plants
371 creatures vanquished.

Vanquished Creatures (others)
  An orc wizard (D:5)
  15 fungi
  10 plants
26 creatures vanquished.

Grand Total: 397 creatures vanquished

Notes
Turn   | Place    | Note
-------+----------+-------------------------------------------
     0 | D:1      | Edwards80 the Minotaur Fighter began the quest for the Orb.
     0 | D:1      | Reached XP level 1. HP: 19/19 MP: 0/0
   240 | D:1      | Reached XP level 2. HP: 26/26 MP: 1/1
   832 | D:2      | Reached XP level 3. HP: 18/31 MP: 2/2
   836 | D:2      | Reached skill level 5 in Maces & Flails
  1074 | D:2      | Reached XP level 4. HP: 18/39 MP: 3/3
  1111 | D:2      | Noticed Terence
  1159 | D:2      | Killed Terence
  1248 | D:2      | Noticed Natasha
  1272 | D:2      | Killed Natasha
  1555 | D:2      | Noticed Natasha
  1562 | D:2      | Killed Natasha
  1562 | D:2      | Reached XP level 5. HP: 43/45 MP: 4/4
  2019 | D:3      | Found a runed translucent door.
  2073 | D:3      | Noticed Crazy Yiuf
  2080 | D:3      | Killed Crazy Yiuf
  2080 | D:3      | Reached XP level 6. HP: 41/51 MP: 5/5
  2339 | D:3      | Found a hazy altar of Hepliaklqana.
  3134 | D:4      | Found Lyggif's Jewellery Emporium.
  3141 | D:4      | Bought a +1 ring of slaying for 78 gold pieces
  3203 | D:4      | Found a staircase to the Ecumenical Temple.
  3210 | Temple   | Entered the Ecumenical Temple
  3231 | Temple   | Became a worshipper of Makhleb the Destroyer
  3288 | D:4      | Reached XP level 7. HP: 54/57 MP: 6/6
  3459 | D:4      | Found a radiant altar of Vehumet.
  3596 | D:5      | Entered Level 5 of the Dungeon
  3611 | D:5      | Found a runed translucent gate.
  3611 | D:5      | Found a runed translucent gate.
  3611 | D:5      | Found a runed translucent gate.
  3654 | D:5      | Noticed Menkaure
  3668 | D:5      | Killed Menkaure
  3668 | D:5      | Reached skill level 10 in Maces & Flails
  3915 | D:5      | Noticed Edwards80's ghost (amateur SpAs)
  3926 | D:5      | Killed Edwards80's ghost
  3926 | D:5      | Reached XP level 8. HP: 62/64 MP: 7/7
  3931 | D:5      | Reached * piety under Makhleb
  3974 | D:5      | Found a white marble altar of Elyvilon.
  4033 | D:5      | Noticed Duvessa
  4033 | D:5      | Noticed Dowan
  4044 | D:5      | Killed Duvessa
  4049 | D:5      | Killed Dowan
  4196 | D:5      | Found a runed translucent door.
  4423 | D:5      | Reached ** piety under Makhleb
  4664 | D:5      | Found a roughly hewn altar of Beogh.
  4672 | D:5      | Got a dazzling great sword
  4679 | D:5      | Identified the +5 great sword of the Sage {freeze, MR+}
                  | (You found it on level 5 of the Dungeon)
  4727 | D:5      | Found a shadowy altar of Dithmenos.
  4727 | D:5      | Found a shattered altar of Ashenzari.
  4732 | D:5      | Found a faded altar of an unknown god.
  4734 | D:5      | Found a hide-covered altar of Uskayaw.
  4736 | D:5      | Found an opulent altar of Gozag.
  5070 | D:6      | Reached skill level 1 in Long Blades
  5097 | D:6      | Reached skill level 2 in Long Blades
  5136 | D:6      | Reached skill level 3 in Long Blades
  5136 | D:6      | Reached XP level 9. HP: 70/70 MP: 8/8
  5236 | D:6      | Noticed Edmund
  5268 | D:6      | Killed Edmund
  5268 | D:6      | Reached skill level 4 in Long Blades
  5641 | D:6      | Reached skill level 5 in Long Blades
  5983 | D:7      | Reached skill level 6 in Long Blades
  5984 | D:7      | Reached *** piety under Makhleb
  6207 | D:7      | Reached skill level 7 in Long Blades
  6306 | D:7      | Reached skill level 8 in Long Blades
  6771 | D:8      | Noticed Grum
  6780 | D:7      | Reached skill level 9 in Long Blades
  6782 | D:7      | Killed Grum
  7217 | D:8      | Reached skill level 10 in Long Blades
  7333 | D:8      | Reached **** piety under Makhleb
  7367 | D:8      | Noticed a two-headed ogre
  7372 | D:8      | Killed a two-headed ogre
  7372 | D:8      | Reached skill level 11 in Long Blades
  7372 | D:8      | Reached XP level 10. HP: 16/77 MP: 1/9
  7397 | D:8      | Found a staircase to the Lair.
  7694 | Lair:1   | Entered Level 1 of the Lair of Beasts
  7819 | Lair:1   | Noticed a black mamba
  7825 | Lair:1   | Killed a black mamba
  7825 | Lair:1   | Reached skill level 12 in Long Blades
  8684 | Lair:2   | Reached skill level 13 in Long Blades
  8782 | Lair:2   | Got a twitching golden ring
  8785 | Lair:2   | Identified the ring of Veteash {+Fly rF+ rC+ Int-3 Dex+4}
                  | (You found it on level 2 of the Lair of Beasts)
  8842 | Lair:2   | Noticed a catoblepas
  8865 | Lair:2   | Killed a catoblepas
  8865 | Lair:2   | Reached skill level 14 in Long Blades
  9249 | Lair:2   | Reached XP level 11. HP: 83/83 MP: 10/10
  9384 | Lair:2   | You fall into a shaft and drop 1 floor!
  9432 | Lair:3   | Reached skill level 5 in Fighting
  9446 | Lair:3   | Reached skill level 15 in Long Blades
 10772 | Lair:4   | Found a staircase to the Snake Pit.
 10784 | Lair:4   | Reached skill level 16 in Long Blades
 10834 | Lair:4   | Reached ***** piety under Makhleb
 11515 | Lair:4   | Reached XP level 12. HP: 98/101 MP: 9/11
 11671 | Lair:4   | Noticed a dire elephant
 11701 | Lair:4   | Reached skill level 17 in Long Blades
 11863 | Lair:4   | Found a staircase to the Swamp.
 12084 | Lair:5   | Found a runed translucent door.
 12090 | Lair:5   | Noticed Adireryl's ghost (journeyman HOFi)
 12139 | Lair:5   | Reached skill level 18 in Long Blades
 12150 | Lair:5   | Reached skill level 10 in Fighting
 12255 | Lair:5   | Noticed a four-headed hydra
 12275 | Lair:5   | Killed a five-headed hydra
 12284 | Lair:6   | Entered Level 6 of the Lair of Beasts
 12453 | Lair:5   | Noticed Rupert
 12467 | Lair:5   | Slain by Rupert

Levels and vault maps discovered:
D:1:      dpeg_arrival_snail, layout_basic, minivault_25, st_stairs_11,
          serial_park_tiny_2
D:2:      layout_basic, chequers_serial_rivers_small_a, grunt_ministairs_3,
          uniq_natasha, uniq_terence
D:3:      layout_loops_cross, overflow_temple_1_default,
          minmay_fractal_squares_diagonal_5, uniq_crazy_yiuf_cottage
D:4:      layout_loops_ring, minmay_temple_entry_statues, kennysheep_cross_room,
          minmay_shop_enchanted_jewellery, vehumet_altar_wand_db
D:5:      layout_loops_ring, chequers_temple_overflow_minitemple,
          nicolae_overflow_hidden_temple, first_ration, gammafunk_ghost_icy,
          chequers_jeans, lightli_church_of_beogh, uniq_duvessa, uniq_menkaure
D:6:      layout_gridville, serial_bayou, serial_bayou_pond_b,
          serial_bayou_lagoon_a, serial_bayou_pond_d, serial_bayou_shore_b,
          uniq_edmund
D:7:      layout_loops_ring
D:8:      layout_loops_ring, lemuel_coloured_pillars_altar, david_lair_shrubbed,
          lightli_ossuary_entry_decrepit_ruins, david_nohive_1, uniq_grum
Temple:   minmay_freezing_vapour_temple
Lair:1:   layout_gridlike, st_stairs_4, grunt_megastairs_3, lemuel_fruit_tree
Lair:2:   regret_index_bee_streams, layout_loops_ring, uniq_urug
Lair:3:   layout_cave_pods, patterned_corridor
Lair:4:   beast_lair_carwin_large_4, layout_gridlike,
          nicolae_swamp_entry_splash_gauntlet, minmay_snake_entry_six_corridors,
          serial_bayou_crossing
Lair:5:   layout_loops_ring, gammafunk_ghost_grave, grunt_megastairs_2,
          uniq_rupert
Lair:6:   hangedman_lair_in_review, layout_hall_layers, slime_altar_1,
          gammafunk_ghost_hydra_chop, kennysheep_abandoned_house,
          infiniplex_staircase_pool, lemuel_fruit_fields,
          minmay_lair_oklob_chamber

Skill      XL: |  1  2  3  4  5  6  7  8  9 10 11 12 |
---------------+-------------------------------------+-----
Maces & Flails | 3 4 5 6 7 9 11 13 | 13.2
Long Blades    | 3 11 14 16 18 | 18.6
Fighting       | 7 10 | 10.6
Armour         | |  3.6
Shields        | |  3.6

Action                   |  1- 3 |  4- 6 |  7- 9 | 10-12 || total
-------------------------+-------+-------+-------+-------++-------
Melee: Flail             |    54 |    87 |       |    23 ||   164
       Headbutt          |     9 |    30 |    72 |   102 ||   213
       Mace              |       |    90 |   199 |       ||   289
       Great sword       |       |       |   161 |   364 ||   525
Throw: Boomerang         |       |       |     3 |    11 ||    14
  Use: Scroll            |     3 |     1 |    13 |    14 ||    31
       Potion            |       |       |       |     3 ||     3
  Eat: Chunk             |       |     8 |    11 |     9 ||    28
       Ration            |       |       |     1 |     2 ||     3
Armor: Scale mail        |    29 |    79 |   214 |   235 ||   557
Dodge: Dodged            |    16 |    45 |   140 |   172 ||   373
Block: Shield            |    33 |    71 |    66 |       ||   170
       Rpst.: Great sword |       |       |    29 |    35 ||    64
